 Dungeon Crawl Stone Soup version 0.17-a0-2108-g65e8068 (webtiles) character file.

83 Arkorax the Covered (level 4, 0/38 HPs)
             Began as a Formicid Fighter on Oct 19, 2015.
             Succumbed to a worker ant's poison
             ... on level 3 of the Dungeon.
             The game lasted 00:04:00 (987 turns).

Arkorax the Covered (Formicid Fighter)               Turns: 987, Time: 00:04:00

Health: 0/38       AC:  7    Str: 27      XL:     4   Next: 71%
Magic:  4/4        EV:  8    Int:  7      God:
Gold:   66         SH: 10    Dex:  9 (10) Spells: 0 memorised, 3 levels left

rFire  + + .     SeeInvis +     a - +0 war axe
rCold  . . .     Clarity  .     b - +0 scale mail
rNeg   . . .     SustAt   +     c - +0 shield
rPois  +         Gourm    .     (helmet unavailable)
rElec  +         Spirit   .     (no cloak)
rCorr  +         Warding  .     (no gloves)
rMut   .         Stasis   +     (no boots)
MR     .....                    (no amulet)
Stlth  ..........               p - ring of sustain attributes
                                j - ring of fire

@: mighty, lethally poisoned (0 -> -3), resistant, not resistant to hostile
enchantments, extremely unstealthy
A: permanent stasis, dig shafts and tunnels, four strong arms, antennae 3
a: Dig, Shaft Self


You were on level 3 of the Dungeon.
You were hungry.

You visited 1 branch of the dungeon, and saw 3 of its levels.

You collected 66 gold pieces.

Inventory:

Hand Weapons
 a - a +0 war axe (weapon)
Armour
 b - a +0 scale mail (worn)
 c - a +0 shield (worn)
 f - a +0 plate armour
Jewellery
 j - a ring of fire (left hand)
 p - a ring of sustain attributes (right hand)
Wands
 t - a wand of random effects (29)
Scrolls
 h - 3 scrolls of identify {unknown}
 k - a scroll of fog {unknown}
 l - a scroll of immolation {unknown}
 n - 2 scrolls of blinking {unknown}
 q - 2 scrolls of amnesia {unknown}
 r - a scroll of random uselessness {unknown}
 u - a scroll of noise {unknown}
 v - a scroll of magic mapping {unknown}
Comestibles
 e - a bread ration
 g - a slice of pizza
 i - a meat ration
 m - a royal jelly


   Skills:
 + Level 4.4 Fighting
 - Level 2.0 Axes
 * Level 4.7 Armour
 - Level 3.7 Shields


You had 3 spell levels left.
You didn't know any spells.

Dungeon Overview and Level Annotations

Branches:
Dungeon (3/15)

Altars:


Innate Abilities, Weirdness & Mutations

You are under a permanent stasis effect.
You can dig through walls and to a lower floor.
Your four strong arms can wield two-handed weapons with a shield.
You have a pair of large antennae on your head (SInv).


Message History

The worker ant closely misses you. The hobgoblin misses you.
The worker ant closely misses you.
The hobgoblin hits you but does no damage.
You hit the worker ant.
The worker ant is moderately wounded.
You slash the hobgoblin!
You kill the hobgoblin!
* * * LOW HITPOINT WARNING * * *
You feel sick. You block the worker ant's attack.
The worker ant bites you but does no damage.
You hit the worker ant.
The worker ant is severely wounded.
* * * LOW HITPOINT WARNING * * *
You feel sick.
The worker ant bites you but does no damage. x2
You slice the worker ant!!
You kill the worker ant!
There is a lethal amount of poison in your body!
There is a lethal amount of poison in your body!
You die...

##.###.#. .. #.###.## ..
# #..<.... ...# #####+##
.#.## ##...# .... ##.....
..## ##......
...########...##.#.......
........@........+.....).
#.#######.#...##.#.......
#.#..## ##...... #.#....
##..... #.###### ##...#
#.# ##'## #.# #.# #.#
####.# #.# #.##.##


There were no monsters in sight!

Vanquished Creatures
  A worker ant (D:3)
  Robin (D:3)
  2 worms
  4 bats
  A giant cockroach (D:1)
  15 goblins
  8 hobgoblins
  A giant newt (D:1)
  3 jackals (D:1)
  5 kobolds
  2 rats
43 creatures vanquished.

Notes
Turn   | Place    | Note
--------------------------------------------------------------
     0 | D:1      | Arkorax the Formicid Fighter began the quest for the Orb.
     0 | D:1      | Reached XP level 1. HP: 18/18 MP: 1/1
    58 | D:1      | Reached XP level 2. HP: 17/24 MP: 2/2
   277 | D:1      | Reached XP level 3. HP: 22/30 MP: 3/3
   281 | D:1      | Reached skill level 4 in Armour
   864 | D:3      | Noticed Robin
   889 | D:3      | Killed Robin
   889 | D:3      | Reached XP level 4. HP: 30/37 MP: 4/4
   985 | D:3      | HP: 1/37 [poisoned by a worker ant]
   987 | D:3      | Succumbed to a worker ant's poison

Vault maps used:
D:1:      mrwooster_arrival_statue_3
D:3:      dk_noncrumbling_3, makhleb_blood_cavern_becter, uniq_robin

Action                   |  1- 3 |  4- 6 || total
-------------------------+-------+-------++-------
Melee: War axe           |   110 |    22 ||   132
  Use: Potion            |       |     3 ||     3
